 Dungeon Crawl Stone Soup version 0.27-a0-543-gd81048afd2 (webtiles) character file.

Game seed: 8542100227948529342

235 Astera the Covert (level 5, -1/26 HPs)
             Began as a Spriggan Brigand on Mar 7, 2021.
             Killed from afar by a white imp (10 damage)
             ... with a puff of frost
             ... on level 2 of the Dungeon.
             The game lasted 00:06:58 (2174 turns).

Astera the Covert (Spriggan Brigand)                Turns: 2174, Time: 00:06:59

Health: -1/26      AC: 13    Str:  7    XL:     5   Next: 76%
Magic:  6/6        EV: 17    Int: 13    God:
Gold:   94         SH:  0    Dex: 17    Spells: 4/4 levels left

rFire    . . .     SeeInvis +   a - +2 dagger
rCold    . . .     Faith    .   (shield restricted)
rNeg     . . .     Spirit   .   g - +2 robe {Will+}
rPois    .         Reflect  .   (helmet restricted)
rElec    .         Harm     .   c - +0 cloak
rCorr    .         Rampage  .   (gloves unavailable)
Will     +....                  (boots unavailable)
Stlth    ++++......             (no amulet)
HPRegen  0.08/turn              f - +4 ring of protection
MPRegen  0.10/turn              k - +4 ring of protection

@: very quick
A: very small, unfitting armour, see invisible, speed 3
a: no special abilities


You were on level 2 of the Dungeon.
You visited 1 branch of the dungeon, and saw 2 of its levels.

You collected 94 gold pieces.

Inventory:

Hand Weapons
 a - a +2 dagger (weapon)
 i - a +3 short sword
Missiles
 d - 23 poisoned darts (quivered)
 e - 2 curare-tipped darts
Armour
 b - a +0 robe
 c - a +0 cloak (worn)
 g - a +2 robe of willpower (worn)
Jewellery
 f - a +4 ring of protection (left hand)
 k - a +4 ring of protection (right hand)
Scrolls
 h - 2 scrolls of identify {unknown}
 l - a scroll of fear {unknown}
 o - a scroll of enchant armour {unknown}
Potions
 j - a potion of degeneration {unknown}
 m - a potion of flight {unknown}
 n - a potion of lignification {unknown}


   Skills:
 + Level 2.0 Fighting
 + Level 3.5 Short Blades
 + Level 2.3 Throwing
 + Level 2.9 Dodging
 + Level 8.9 Stealth


You had 4 spell levels left.
You didn't know any spells.
Your spell library was empty.

Dungeon Overview and Level Annotations

Branches:
Dungeon (2/15)

Altars:


Innate Abilities, Weirdness & Mutations

You are very small and have problems with some larger weapons.
You are too small for most types of armour.
You have supernaturally acute eyesight. (SInv)
You cover ground extremely quickly. (Speed+++)


Message History

You hit the white imp but do no damage.
The white imp is lightly wounded.
The white imp gestures at you. The puff of frost hits you!
You hit the white imp but do no damage.
The white imp is lightly wounded.
The white imp misses you.
You completely miss the white imp.
The white imp is lightly wounded.
You hit the white imp.
The white imp is moderately wounded.
The white imp misses you.
You barely miss the white imp.
The white imp is moderately wounded.
The white imp misses you.
You hit the white imp but do no damage.
The white imp is moderately wounded.
The white imp gestures at you. The puff of frost hits you!
You are too injured to fight recklessly!
You are too injured to fight recklessly!
You are too injured to fight recklessly!
You are too injured to fight recklessly!
You are too injured to fight recklessly!
You are too injured to fight recklessly!
You are too injured to fight recklessly!
You are too injured to fight recklessly!
You are too injured to fight recklessly!
You are too injured to fight recklessly!
You are too injured to fight recklessly!
You are too injured to fight recklessly!
You are too injured to fight recklessly!
You are too injured to fight recklessly!
You are too injured to fight recklessly!
You are too injured to fight recklessly!
You are too injured to fight recklessly!
You are too injured to fight recklessly!
The white imp gestures at you. The puff of frost hits you!
You die...

.............. #
#........ ######.#####..
#.# #.#####.# .......#
#.# #.# #.# ######.# #.#
#.# #.# #.# #.# #.# #.#
#.# #.# #.# #.# ##.####
#.# ... ..#
#.....######.###(# #.#
###
.......##......)@.5..#
#.# #
######.#########.........
# #.# ........... # #.#
#.########## # #.# #. #..
. ### ##


You could see a white imp.

Vanquished Creatures
  Jessica (D:2)
  Natasha (thrice) (D:2)
  Terence (D:2)
  Robin (D:2)
  A gnoll (D:1)
  3 adders
  2 worms (D:2)
  4 dart slugs
  4 giant cockroaches
  10 goblins
  6 hobgoblins
  2 jackals (D:1)
  6 kobolds
  A quokka (D:2)
  A ball python (D:1)
  2 bats
  3 rats
51 creatures vanquished.

Notes
Turn   | Place    | Note
-------+----------+-------------------------------------------
     0 | D:1      | Astera the Spriggan Brigand began the quest for the Orb.
     0 | D:1      | Reached XP level 1. HP: 10/10 MP: 2/2
    33 | D:1      | Reached skill level 6 in Stealth
   135 | D:1      | You fall into a shaft and drop 1 floor!
   137 | D:2      | Reached XP level 2. HP: 14/14 MP: 3/3
   138 | D:2      | Noticed Natasha
   139 | D:2      | Killed Natasha
   140 | D:2      | Reached skill level 7 in Stealth
   140 | D:2      | Reached XP level 3. HP: 18/18 MP: 4/4
   144 | D:2      | Noticed Jessica
   147 | D:2      | Killed Jessica
   173 | D:2      | Reached XP level 4. HP: 23/23 MP: 5/5
   220 | D:2      | Noticed Natasha
   261 | D:2      | Noticed Terence
   287 | D:2      | Killed Terence
   288 | D:2      | Reached skill level 8 in Stealth
  1261 | D:2      | Killed Natasha
  1262 | D:2      | Reached XP level 5. HP: 11/26 MP: 6/6
  1586 | D:2      | Noticed Natasha
  1601 | D:2      | Killed Natasha
  1659 | D:2      | Noticed Robin
  1684 | D:2      | Killed Robin
  2174 | D:2      | Killed from afar by a white imp

Illustrated notes

Levels and vault maps discovered:
D:1:      psy_arrival_basics, layout_rooms, minmay_tetromino_s2
D:2:      layout_loops_ring, chequers_serial_rivers_micro_d, uniq_robin,
          uniq_jessica, uniq_terence, uniq_natasha

Skill      XL: |  1  2  3  4  5 |
---------------+----------------+-----
Stealth        | 6 7 8 |  8.9
Dodging        | 2 |  2.9
Short Blades   | 3 |  3.5
Fighting       | 2 |  2.0
Throwing       | |  2.3

Action                   |  1- 3 |  4- 6 || total
-------------------------+-------+-------++-------
Melee: Dagger            |    24 |   250 ||   274
 Stab: Sleeping          |     6 |     7 ||    13
Armor: Robe              |     1 |    63 ||    64
Dodge: Dodged            |    13 |   184 ||   197

Table legend: (Time is in decaauts)
 A = Elapsed time spent in this place.
 B = Non-inter-level travel time spent in this place.
 C = Inter-level travel time spent in this place.
 D = Time resting spent in this place.
 E = Time spent auto-exploring this place.
 F = Levels seen in this place.
 G = Mean time per level.
                   A        B        C        D        E       F      G
               +--------+--------+--------+--------+--------+-----+--------+
         Total |   1768 |   1740 |     28 |    658 |    557 |   2 |  884.0 |
       Dungeon |   1768 |   1740 |     28 |    658 |    557 |   2 |  884.0 |
               +--------+--------+--------+--------+--------+-----+--------+

Top non-repeatable levels by time:
     D:2: 887 daAuts
     D:1: 881 daAuts
